 Dungeon Crawl Stone Soup version 0.30-a0-469-g84de5afbc5 (webtiles) character file.

Game seed: 16037418371499508449

238 xzight the Sneak (level 5, -1/24 HPs)
             Began as a Spriggan Enchanter on Dec 20, 2022.
             Killed from afar by an orc wizard (11 damage)
             ... with a puff of flame
             ... on level 4 of the Dungeon.
             The game lasted 00:08:12 (3317 turns).

xzight the Sneak (Spriggan Enchanter)               Turns: 3317, Time: 00:08:13

Health: -1/24      AC:  3    Str:  4    XL:     5   Next: 78%
Magic:  12/12      EV: 19    Int: 16    God:
Gold:   162        SH:  0    Dex: 18    Spells: 4/12 levels left

rFire   . . .      SeeInvis +    a - +2 dagger (flame)
rCold   . . .      Faith    .    (no shield)
rNeg    . . .      Spirit   .    b - +1 robe
rPois   .          Reflect  .    (helmet restricted)
rElec   .          Harm     .    (no cloak)
rCorr   .          Rampage  .    (gloves unavailable)
Will    .....                    (boots unavailable)
Stlth   +++.......               (no amulet)
HPRegen 0.24/turn                (no ring)
MPRegen 0.13/turn                (no ring)

@: very quick
A: very small, no large weapons, unfitting armour, see invisible, speed 3
a: no special abilities


You were on level 4 of the Dungeon.
You visited 1 branch of the dungeon, and saw 4 of its levels.

You collected 162 gold pieces.


Innate Abilities, Weirdness & Mutations

You are very small and have problems with some larger weapons.
You are too small for most types of armour.
You have supernaturally acute eyesight. (SInv)
You cover ground extremely quickly. (Speed+++)


   Skills:
 + Level 2.9 Short Blades
 + Level 4.3 Dodging
 + Level 5.9 Stealth
 + Level 4.1 Spellcasting
 + Level 4.8 Hexes


You had 4 spell levels left.
You knew the following spells:

 Your Spells              Type           Power      Damage    Failure   Level
c - Confusing Touch       Hex            18%        N/A       7%          3
d - Dazzling Flash        Conj/Hex       20%        N/A       19%         3
e - Ensorcelled Hibernat  Hex/Ice        20%        N/A       10%         2

Your spell library contained the following spells:

 Spells                   Type           Power      Damage    Failure   Level
 Tukima's Dance           Hex            18%        N/A       7%          3

Inventory:

Hand Weapons
 a - a +2 dagger of flaming (weapon)
Armour
 b - a +1 robe (worn)
Jewellery
 D - a +6 ring of dexterity
Scrolls
 g - 2 scrolls of amnesia
 q - a scroll of enchant weapon
Potions
 c - 2 potions of invisibility
 d - a potion of brilliance {unknown}
 e - a potion of haste {unknown}
 f - a potion of heal wounds {unknown}
 l - a potion of curing {unknown}
 n - 2 potions of ambrosia
 o - 2 potions of flight
 p - a potion of cancellation {unknown}
 r - a potion of mutation {unknown}
 s - a potion of magic

Dungeon Overview and Level Annotations

Branches:
Dungeon (4/15)
 Temple: D:4-7

Altars:
Ashenzari
Nemelex Xobeh

Shops:
D:1

! #..### ........## #.# ##..
##... #...###..#####.####.# #..##
....................# ..o#
...........#..........# .#o##
........##.#........### ##..#
##.#######..........# ###.## #.#
##.........#
.....#####.########..#.#..#..#
.##....ooo......@.##.....###...
[####..###.######................
.#####.###.####.............# ..
...###..........####.....#...##..
.#.#...##..#### #.#.#.##......
.....#.##.## #.#.#.# #....
##.###.##.# ##.#.. # #....
#.###..#.# #..#..# #....
#..###.#.# ##.##..# #....


You could see an orc wizard (invisible).


Message History

The orc wizard completely misses you.
You barely miss the orc wizard.
The orc wizard is severely wounded.
The orc wizard barely misses you.
You hit the orc wizard but do no damage.
The orc wizard is severely wounded.
You hit the orc wizard but do no damage.
The orc wizard is severely wounded.
The orc wizard casts a spell at you. The magic dart hits you.
The orc wizard hits you with a +0 dagger.
You hit the orc wizard. You burn the orc wizard.
The orc wizard is severely wounded.
The orc wizard hits you with a +2 dagger of electrocution.
The orc wizard casts a spell at you.
You are confused.
The orc wizard gestures at you while chanting.
You easily resist.
You bump into the rock wall.
You hear the rapid hiss of a distant avalanche of sand.
You bump into the rock wall.
You bump into the rock wall.
You're too confused to move!
You feel less confused. The orc wizard casts a spell at you.
The magic dart hits you.
* * * LOW HITPOINT WARNING * * *
The orc wizard points at you and mumbles some strange words.
The puff of flame hits you!
You die...

Skill      XL: |  1  2  3  4 |
---------------+-------------+-----
Dodging        | 3 4 |  4.3
Spellcasting   | 3 4 |  4.1
Hexes          | 4 |  4.8
Stealth        | 5 |  5.9
Short Blades   | 2 |  2.9

Action                   |  1- 3 |  4- 6 || total
-------------------------+-------+-------++-------
Melee: Dagger            |   165 |    34 ||   199
 Cast: Ensorcelled Hiber |     2 |    14 ||    16
  Use: Scroll            |    14 |       ||    14
 Stab: Sleeping          |    17 |     7 ||    24
Armor: Robe              |     6 |       ||     6
Dodge: Dodged            |   100 |    20 ||   120

Levels and vault maps discovered:
D:1:      dpeg_arrival_circle_labyrinth_c, layout_basic,
          ebering_ecumenical_altar_hall, serial_shops, nicolae_shop_trees
D:2:      layout_basic, minmay_misc_feat_tower
D:3:      layout_basic, ashenzari_conservatory_becter,
          nemelex_spade_bored_becter
D:4:      layout_rooms, chequers_ossuary_entry_cave

Notes
Turn   | Place    | Note
-------+----------+-------------------------------------------
     0 | D:1      | xzight the Spriggan Enchanter began the quest for the Orb.
     0 | D:1      | Reached XP level 1. HP: 9/9 MP: 5/5
   315 | D:1      | Found Guolaq's Distillery.
   337 | D:1      | Reached XP level 2. HP: 13/13 MP: 6/6
   340 | D:1      | Learned a level 2 spell: Ensorcelled Hibernation
   419 | D:1      | Found a faded altar of an unknown god.
   459 | D:1      | Reached skill level 3 in Dodging
   608 | D:1      | Reached skill level 3 in Spellcasting
  1132 | D:2      | Reached XP level 3. HP: 13/16 MP: 8/8
  1175 | D:2      | Reached skill level 4 in Hexes
  1482 | D:2      | Reached skill level 5 in Stealth
  1778 | D:3      | Found a broken altar of Ashenzari.
  1849 | D:3      | Found a sparkling altar of Nemelex Xobeh.
  2173 | D:3      | Reached skill level 2 in Short Blades
  2684 | D:4      | Reached XP level 4. HP: 21/21 MP: 4/10
  2753 | D:4      | Learned a level 3 spell: Confusing Touch
  2757 | D:4      | Learned a level 3 spell: Dazzling Flash
  3074 | D:4      | Noticed a black bear
  3086 | D:4      | Killed a black bear
  3087 | D:4      | Reached skill level 4 in Dodging
  3087 | D:4      | Reached skill level 4 in Spellcasting
  3087 | D:4      | Reached XP level 5. HP: 24/24 MP: 6/12
  3317 | D:4      | Killed from afar by an orc wizard

Vanquished Creatures
  A black bear (D:4)
  A hound (D:4)
  A jelly (D:4)
  An adder (D:3)
  A worm (D:2)
  A dart slug (D:1)
  7 orcs
  4 bats
  3 endoplasms
  3 giant cockroaches
  11 goblins
  3 hobgoblins
  4 jackals (D:2)
  3 quokkas
  8 ball pythons
  A frilled lizard (D:1)
  7 kobolds
  4 rats
64 creatures vanquished.

Table legend: (Time is in decaauts)
 A = Elapsed time spent in this place.
 B = Non-inter-level travel time spent in this place.
 C = Inter-level travel time spent in this place.
 D = Time resting spent in this place.
 E = Time spent auto-exploring this place.
 F = Levels seen in this place.
 G = Mean time per level.
                   A        B        C        D        E       F      G
               +--------+--------+--------+--------+--------+-----+--------+
         Total |   2283 |   2141 |    142 |    309 |   1236 |   4 |  570.8 |
       Dungeon |   2283 |   2141 |    142 |    309 |   1236 |   4 |  570.8 |
               +--------+--------+--------+--------+--------+-----+--------+

Top non-repeatable levels by time:
     D:3: 693 daAuts
     D:2: 627 daAuts
     D:1: 529 daAuts
     D:4: 432 daAuts

Table legend:
 A = Non-vault XP
 B = Vault XP
 C = Vault XP percentage of total XP
 D = Non-vault monster count
 E = Vault monster count
 F = Vault count percentage of total count
                 A         B        C        D         E       F
            +---------+---------+-------+---------+---------+-------
      Total |     341 |       0 |   0.0 |      64 |       0 |   0.0
            +---------+---------+-------+---------+---------+-------
        D:1 |      27 |       0 |   0.0 |      15 |       0 |   0.0
        D:2 |      32 |       0 |   0.0 |      18 |       0 |   0.0
        D:3 |      34 |       0 |   0.0 |      13 |       0 |   0.0
        D:4 |     248 |       0 |   0.0 |      18 |       0 |   0.0
            +---------+---------+-------+---------+---------+-------
